 Dungeon Crawl Stone Soup version 0.29.0-4-gdea44cf6ec (webtiles) character file.

Game seed: 13481492152580928430

41 qw the Sneak (level 3, 0/23 HPs)
             Began as a Gargoyle Delver on Sept 10, 2022.
             Slain by a necrophage (2 damage)
             ... on level 4 of the Dungeon.
             The game lasted 00:00:06 (199 turns).

qw the Sneak (Gargoyle Delver)                       Turns: 199, Time: 00:00:07

Health: 0/23       AC:  6    Str: 17    XL:     3   Next: 52%
Magic:  3/3        EV: 11    Int: 10    God:
Gold:   0          SH:  0    Dex: 11    Spells: 2/2 levels left

rFire   . . .      SeeInvis .   a - +0 hand axe
rCold   . . .      Faith    .   (no shield)
rNeg    + . .      Spirit   .   b - +0 leather armour
rPois   inf        Reflect  .   (no helmet)
rElec   +          Harm     .   (no cloak)
rCorr   .          Rampage  .   (no gloves)
Will    .....                   (no boots)
Stlth   +++.......              (no amulet)
HPRegen 0.07/turn               (no ring)
MPRegen 0.08/turn               (no ring)

@: no status effects
A: sickness immunity, AC +3, negative energy resistance 1, electricity
resistance, torment resistance 1, petrification resistance
a: no special abilities


You were on level 4 of the Dungeon.
You visited 1 branch of the dungeon, and saw 2 of its levels.


Innate Abilities, Weirdness & Mutations

You are immune to sickness and miasma.
Your stone body is resilient. (AC +3)
You are immune to poison.
You resist negative energy. (rN+)
You are resistant to electric shocks. (rElec)
You are resistant to unholy torment.
You are immune to petrification.


   Skills:
 - Level 3.2 Fighting
 + Level 3.4 Axes
 - Level 1.5 Dodging
 - Level 5.4 Stealth


You had 2 spell levels left.
You didn't know any spells.
Your spell library was empty.

Inventory:

Hand Weapons
 a - a +0 hand axe (weapon)
Armour
 b - a +0 leather armour (worn)
Wands
 g - a wand of digging (3)
Scrolls
 c - a scroll of silence {unknown}
Potions
 f - a potion of haste

Dungeon Overview and Level Annotations

Branches:
Dungeon (5/15)
 Temple: D:4-7

Altars:

Shops:
D:4 [


Message History

The hound bites you but does no damage. The hound bites you.
You closely miss the hound.
The hound is lightly wounded.
The hound bites you. The hound closely misses you.
You hit the hound.
The hound is lightly wounded.
The hound bites you.
A necrophage comes into view.
The hound barely misses you.
You slash the hound!
The hound is severely wounded.
The hound bites you but does no damage.
You miss the hound.
The hound is severely wounded.
The hound pauses to sniff the ground.
The hound closely misses you. x2
You hit the hound.
The hound is severely wounded.
The hound closely misses you. The hound barely misses you.
You hit the hound.
You kill the hound!
Your Axes skill increases to level 3!
You have reached level 3!
Your experience leads to an increase in your attributes!
Increase (S)trength, (I)ntelligence, or (D)exterity?
You feel stronger. x2
You barely miss the necrophage. The necrophage hits you.
You hit the necrophage.
The necrophage is moderately damaged.
The necrophage hits you.
You closely miss the necrophage.
The necrophage is moderately damaged.
The necrophage misses you.
You closely miss the necrophage.
The necrophage is moderately damaged.
The necrophage closely misses you.
You hit the necrophage but do no damage.
The necrophage is moderately damaged.
The necrophage hits you.
You die...

#..............#
#..............##
#......##.......########
#.......................
#.:..#.##.......########
#....#.##...............
###+##. #######.########
.. ................
........@)......
........n.......
..............=.
...........7....
................
..........7\7...
............. ..
...........7..


You could see a necrophage.

Vanquished Creatures
  A hound (D:4)
  An adder (D:5)
  A goblin (D:4)
  A kobold (D:4)
4 creatures vanquished.

Notes
Turn   | Place    | Note
-------+----------+-------------------------------------------
     0 | D:5      | qw the Gargoyle Delver began the quest for the Orb.
     0 | D:5      | Reached XP level 1. HP: 14/14 MP: 1/1
     0 | D:5      | 0 ||| qw: Version: 0.1-a-116-g5d60599
     0 | D:5      | 0 ||| qw: Game counter: 8900
     0 | D:5      | 0 ||| qw: Always use a shield: true
     0 | D:5      | 0 ||| qw: God list: Okawaru
     0 | D:5      | 0 ||| qw: Allow faded altars: false
     0 | D:5      | 0 ||| qw: Do Orc after D:15 true
     0 | D:5      | 0 ||| qw: Do second Lair branch before Depths: true
     0 | D:5      | 0 ||| qw: Lair rune preference: random
     0 | D:5      | 0 ||| qw: Plans: Normal
     0 | D:5      | 0 ||| PLANNING D:1-11
     4 | D:5      | 4 ||| DROPPING scroll of fog.
     5 | D:5      | 5 ||| DROPPING scroll of magic mapping.
     6 | D:5      | 6 ||| DROPPING scroll of fear.
    27 | D:5      | Reached XP level 2. HP: 12/19 MP: 2/2
   168 | D:4      | Found Nonyeq's Armour Shoppe.
   175 | D:4      | 175 ||| Stepping ~*~*~tactically~*~*~ (stealth).
   189 | D:4      | Noticed a necrophage
   194 | D:4      | Reached skill level 3 in Axes
   194 | D:4      | Reached XP level 3. HP: 7/23 MP: 3/3
   196 | D:4      | HP: 2/23 [necrophage (5)]
   199 | D:4      | Slain by a necrophage

Levels and vault maps discovered:
D:4:      layout_basic, serial_shops, shop_fountains, nicolae_shop_stone,
          nicolae_shop_waterfront, shop_statue, nicolae_shop_trees
D:5:      layout_loops_corners, kennysheep_little_box, jmf_multi_god_temple2,
          uniq_prince_ribbit1, uniq_blork_the_orc, uniq_crazy_yiuf_cottage

Skill      XL: |  1  2 |
---------------+-------+-----
Axes           | 2 3 |  3.4
Fighting       | |  3.2
Dodging        | |  1.5
Stealth        | |  5.4

Action                   || total
-------------------------++-------
Melee: Hand axe          ||    30
       Punch             ||     1
Armor: Leather armour    ||    18
Dodge: Dodged            ||    14

Table legend:
 A = Non-vault XP
 B = Vault XP
 C = Vault XP percentage of total XP
 D = Non-vault monster count
 E = Vault monster count
 F = Vault count percentage of total count
                 A         B        C        D         E       F
            +---------+---------+-------+---------+---------+-------
      Total |      59 |       0 |   0.0 |       4 |       0 |   0.0
            +---------+---------+-------+---------+---------+-------
        D:4 |      46 |       0 |   0.0 |       3 |       0 |   0.0
        D:5 |      13 |       0 |   0.0 |       1 |       0 |   0.0
            +---------+---------+-------+---------+---------+-------
